 Dungeon Crawl Stone Soup version 0.21.1-1-g345015fe64 (webtiles) character file.

506 Peloso the Slasher (level 6, -6/48 HPs)
             Began as a Demonspawn Fighter on May 12, 2018.
             Killed by divine providence
             ... invoked by an orc priest
              (14 damage)
             ... on level 4 of the Dungeon.
             The game lasted 00:06:11 (2407 turns).

Peloso the Slasher (Demonspawn Fighter)             Turns: 2407, Time: 00:06:12

Health: -6/48      AC: 12    Str: 23    XL:     6   Next: 97%
Magic:  6/6        EV:  7    Int: 10    God:
Gold:   209        SH: 10    Dex: 12    Spells: 5/5 levels left

rFire    . . .     SeeInvis .   a - +1 falchion (elec)
rCold    . . .     Gourm    .   c - +0 shield
rNeg     . . .     Faith    .   b - +0 chain mail
rPois    .         Spirit   .   (no helmet)
rElec    .         Reflect  .   (no cloak)
rCorr    .         Harm     .   h - +0 pair of gloves
MR       .....                  (no boots)
Stlth    ..........             (no amulet)
HPRegen  0.16/turn              l - +1 ring of evasion
MPRegen  0.10/turn              (no ring)

@: mighty
A: claws 1, slimy green scales 1, demonic guardian 1, spiny 1
a: no special abilities


You were on level 4 of the Dungeon.
You were very hungry.

You visited 1 branch of the dungeon, and saw 4 of its levels.

You collected 209 gold pieces.

Inventory:

Hand Weapons
 a - a +1 falchion of electrocution (weapon)
Armour
 b - a +0 chain mail (worn)
 c - a +0 shield (worn)
 h - a +0 pair of gloves (worn)
Jewellery
 l - a +1 ring of evasion (left hand)
Scrolls
 e - 3 scrolls of amnesia
 g - 4 scrolls of identify
 i - 2 scrolls of remove curse
 m - a scroll of magic mapping
 n - a scroll of enchant weapon {unknown}
Potions
 j - a potion of curing
 k - a potion of haste
Comestibles
 f - 5 rations


   Skills:
 + Level 3.9 Fighting
 + Level 4.6 Long Blades
 + Level 3.9 Armour
 + Level 1.2 Dodging
 + Level 4.1 Shields


You had 5 spell levels left.
You didn't know any spells.

Dungeon Overview and Level Annotations

Branches:
Dungeon (4/15)
 Temple: D:4-7

Altars:


Innate Abilities, Weirdness & Mutations

You have sharp fingernails.
You are partially covered in slimy green scales. (AC +2)
A weak demonic guardian rushes to your aid.
You are partially covered in sharp spines.


Message History

You block Yazaku's ghost's attack.
Your white imp hits Yazaku's ghost but does no damage.
Your ufetubus hits Yazaku's ghost.
Yazaku's ghost is destroyed!
Your Long Blades skill increases to level 4!
Your Dodging skill increases to level 1!
Your Shields skill increases to level 4!
Unknown command.
You swap places.
Found a stone staircase leading down.
An orc priest comes into view. It is wielding a trident.
The orc priest shouts!
You hear a shout!
Found a glowing flail.
Found a stone staircase leading down.
The orc priest calls down the wrath of Beogh upon you.
Beogh smites you!
* * * LOW HITPOINT WARNING * * *
Your ufetubus disappears in a puff of smoke!
The orc priest calls down the wrath of Beogh upon you.
Beogh smites you!
You die...

*,[....[..$.).....,,,,,**,,,
*,)........#.###..,,,,,,*,,,
**######...#.##..#,,,,,,,,,,
#$...##,...##.,,,,,,,,,
*####.##.###.....,,,,,,,,,,
***.)............##.,,,,,,,,,
*,,........5........,,,,,,,,,
*,,........ยง........,,,,,,,,,
*,,.........@o......,,,,,,,,,
*,,............#####,,,,,,***
*,,................,,,,,,,,,,
*,,...>.............,,,,,,,,,
*,,...........######***,,,***
*,,............,,,,,,,,,,,,,,
***####...####.#*******,*,**,
#..#* *.#* *,*,**, **** *,,*
**,,,,,,


You could see an orc priest and a friendly white imp.

Vanquished Creatures
  2 scorpions
  Robin (D:3)
  9 adders
  A dart slug (D:1)
  3 leopard geckos
  An orc (D:3)
  A ball python (D:1)
  3 bats (D:2)
  21 goblins
  9 hobgoblins
  6 jackals
  7 kobolds
  A frilled lizard (D:3)
  6 rats
71 creatures vanquished.

Vanquished Creatures (collateral kills)
  The ghost of Yazaku the Chopper, a novice MiFi (D:4)
  Jessica (D:2)
  A worm (D:2)
  2 jackals (D:2)
  A rat (D:2)
6 creatures vanquished.

Grand Total: 77 creatures vanquished

Notes
Turn   | Place    | Note
-------+----------+-------------------------------------------
     0 | D:1      | Peloso the Demonspawn Fighter began the quest for the Orb.
     0 | D:1      | Reached XP level 1. HP: 18/18 MP: 1/1
   108 | D:1      | Gained mutation: A weak demonic guardian rushes to your aid. [demonic ancestry]
   108 | D:1      | Reached XP level 2. HP: 24/24 MP: 2/2
   755 | D:2      | Gained mutation: You have sharp fingernails. [demonic ancestry]
   755 | D:2      | Reached XP level 3. HP: 27/29 MP: 3/3
   834 | D:2      | Noticed Jessica
   852 | D:2      | Killed Jessica
  1072 | D:2      | Reached XP level 4. HP: 35/35 MP: 4/4
  1655 | D:3      | Gained mutation: You are partially covered in sharp spines. [demonic ancestry]
  1655 | D:3      | Reached XP level 5. HP: 5/41 MP: 5/5
  1729 | D:3      | Noticed Robin
  1732 | D:3      | Killed Robin
  2384 | D:4      | Gained mutation: You are partially covered in slimy green scales. (AC +2) [demonic ancestry]
  2384 | D:4      | Reached XP level 6. HP: 47/47 MP: 6/6
  2386 | D:4      | Noticed Yazaku's ghost (novice MiFi)
  2399 | D:4      | Killed Yazaku's ghost
  2399 | D:4      | Reached skill level 1 in Dodging
  2407 | D:4      | Killed from afar by an orc priest

Skill      XL: |  1  2  3  4  5  6 |
---------------+-------------------+-----
Long Blades    | 2 3 4 |  4.6
Shields        | 3 4 |  4.1
Armour         | 3 |  3.9
Dodging        | 1 |  1.2
Fighting       | |  3.9

Action                   |  1- 3 |  4- 6 || total
-------------------------+-------+-------++-------
Melee: Long sword        |    81 |   130 ||   211
       Falchion          |       |    39 ||    39
  Use: Scroll            |       |     6 ||     6
       Potion            |       |     1 ||     1
  Eat: Chunk             |     1 |     3 ||     4
Armor: Scale mail        |    39 |    59 ||    98
       Chain mail        |       |     4 ||     4
Dodge: Dodged            |    32 |    56 ||    88
Block: Shield            |    55 |    84 ||   139
       Rpst.: Long sword |     7 |    14 ||    21
       Falchion          |       |     3 ||     3
